 Dungeon Crawl Stone Soup version 0.22.0-49-gab54619 (webtiles) character file.

44 Loudmushroom the Skirmisher (level 3, -2/24 HPs)
             Began as a Gargoyle Fighter on Sept 6, 2018.
             Slain by an orc warrior
             ... wielding a +0 short sword
              (6 damage)
             ... on level 2 of the Dungeon.
             The game lasted 00:08:16 (1305 turns).

Loudmushroom the Skirmisher (Gargoyle Fighter)      Turns: 1305, Time: 00:08:16

Health: -2/24      AC: 14    Str: 20    XL:     3   Next: 62%
Magic:  3/3        EV:  5    Int:  8    God:
Gold:   109        SH:  9    Dex:  9    Spells: 2/2 levels left

rFire    . . .     SeeInvis .   a - +0 war axe
rCold    + . .     Gourm    .   c - +0 shield
rNeg     + . .     Faith    +   p - +1 chain mail {rC+}
rPois    ∞         Spirit   .   j - +0 hat
rElec    +         Reflect  .   (no cloak)
rCorr    .         Harm     .   (no gloves)
MR       .....                  s - +0 pair of boots
Stlth    ..........             m - amulet of faith
HPRegen  0.08/turn              (no ring)
MPRegen  0.08/turn              (no ring)

@: no status effects
A: negative energy resistance 1, electricity resistance, unbreathing,
petrification resistance, rot immunity, AC +3
a: no special abilities


You were on level 2 of the Dungeon.
You were hungry.

You visited 1 branch of the dungeon, and saw 2 of its levels.

You collected 109 gold pieces.

Inventory:

Hand Weapons
 a - a +0 war axe (weapon)
 e - a +0 mace
Missiles
 n - 35 stones (quivered)
Armour
 c - a +0 shield (worn)
 j - a +0 hat (worn)
 p - a +1 chain mail of cold resistance (worn)
 s - a +0 pair of boots (worn)
Jewellery
 m - an amulet of faith (around neck)
Scrolls
 b - a scroll of fog {unknown}
 h - 3 scrolls of identify {unknown}
 i - a scroll of remove curse {unknown}
 l - a scroll of random uselessness {unknown}
 r - a scroll of noise {unknown}
 t - a scroll of fear {unknown}
Potions
 d - a potion of might
 g - 2 potions of heal wounds {unknown}
 k - a potion of invisibility {unknown}
 o - 2 potions of ambrosia {unknown}
Comestibles
 f - a ration
 q - a chunk of flesh


   Skills:
 + Level 3.6 Fighting
 * Level 2.6 Axes
 + Level 3.6 Armour
 + Level 3.6 Shields


You had 2 spell levels left.
You didn't know any spells.
Your spell library was empty.

Dungeon Overview and Level Annotations

Branches:
Dungeon (2/15)

Altars:
Fedhas
Makhleb
Okawaru

Annotations:
D:2 1 transporter


Innate Abilities, Weirdness & Mutations

You are resistant to torment.
Your stone body is resilient. (AC +3)
You are immune to poison.
You resist negative energy. (rN+)
You are resistant to electric shocks. (rElec)
You can survive without breathing.
You are immune to petrification.
You are immune to rotting.


Message History

You closely miss the ogre. You hit the hound. You block the hound's attack.
The ogre barely misses you. You block the hound's attack. x2
The orc warrior hits you with a short sword.
You hit the ogre.
The ogre is lightly wounded.
You hit the orc warrior. You hit the hound.
The ogre hits you with a giant club!
Ouch! That really hurt!
* * * LOW HITPOINT WARNING * * *
The hound bites you but does no damage. You block the orc warrior's attack.
The hound bites you but does no damage. You block the iguana's attack.
The ogre hits you with a giant club.
* * * LOW HITPOINT WARNING * * *
You barely miss the ogre.
The ogre is lightly wounded.
You miss the hound. You completely miss the iguana.
Your shield prevents you from hitting the orc warrior.
You block the hound's attack.
The orc warrior hits you with a short sword.
You die...

.........$# ####.#
....##..... ###....######
...........##.).........##
..............#########..#
.............##...©...##.#
.............#8.#...#.8#.#
.............#...#.#.$$#.##
.............#.Ool..((_#..##
............g#.h@.....[#©..#
..>..........#........_#...#
.............#...#.#...#.#.#
.............#8.#...#.8#...#
.............##.......##..##
.....#........#########...#
...###....†...[.........#.#
...# #....)..........####.#
..####....................#


You could see an orc warrior, an ogre, an iguana, a hound and a goblin.

Vanquished Creatures
  2 adders (D:2)
  A ball python (D:2)
  2 giant cockroaches (D:2)
  3 goblins
  2 hobgoblins (D:2)
  5 bats
  3 frilled lizards (D:2)
  6 kobolds
  2 rats
26 creatures vanquished.

Notes
Turn   | Place    | Note
-------+----------+-------------------------------------------
     0 | D:1      | Loudmushroom the Gargoyle Fighter began the quest for the
                  | Orb.
     0 | D:1      | Reached XP level 1. HP: 14/14 MP: 1/1
   910 | D:2      | Reached XP level 2. HP: 17/19 MP: 2/2
  1026 | D:2      | Reached XP level 3. HP: 22/23 MP: 3/3
  1110 | D:2      | Found a blossoming altar of Fedhas.
  1125 | D:2      | Found a transporter.
  1159 | D:2      | Noticed an ogre
  1160 | D:2      | Noticed an orc warrior
  1231 | D:2      | Found a burning altar of Makhleb.
  1233 | D:2      | Found an iron altar of Okawaru.
  1242 | D:2      | Found a transporter.
  1305 | D:2      | Slain by an orc warrior

Skill      XL: |  1 |
---------------+----+-----
Axes           | 2 |  2.6
Fighting       | |  3.6
Armour         | |  3.6
Shields        | |  3.6

Action                   || total
-------------------------++-------
Melee: War axe           ||   143
  Eat: Chunk             ||     1
Armor: Scale mail        ||    68
       Chain mail        ||    62
Dodge: Dodged            ||    64
Block: Shield            ||   110
